Map: Selva profunda EE

Players

panda

  • Race: Protoss Protoss
  • League: Gold
  • Spawn Location: 7:00

javichosky

  • Race: Protoss Protoss
  • Spawn Location: 7:00

Mish

  • Race: Terran Terran
  • League: Silver
  • Spawn Location: 7:00

MrFercho - Winner!

  • Race: Zerg Zerg
  • League: Gold
  • Spawn Location: 1:00

tigro - Winner!

  • Race: Terran Terran
  • League: Bronze
  • Spawn Location: 1:00

TATORREA - Winner!

  • Race: Protoss Protoss
  • League: Gold
  • Spawn Location: 3:00

VOD

Have the link to the VOD?

Description

Time

  • Played on: July 23, 2020, 9:25 p.m.
  • Length: 11:04
Show
View Real Time Build Order
Export as new Build Order

panda Protoss 

Build Orders:  

Get SALT Encoding   

  1  0:00  Probe  
  13  0:09  Probe  
  14  0:25  Pylon  
  14  0:30  Probe  
  15  0:43  Probe  
  15  0:46  Forge  
  16  0:55  Probe  
  17  0:57  Gateway  
  17  1:22  Pylon  
  17  1:43  Photon Cannon  
  16  1:56  Probe  
  16  1:57  Cybernetics Core  
  16  2:00  Assimilator  
  17  2:04  Probe  
  18  2:14  Probe  
  19  2:25  Assimilator  
  19  2:26  Probe  
  20  2:38  Probe  
  20  2:42  Warp Gate  
  21  2:50  Probe  
  22  2:59  Nexus  
  22  3:02  Pylon, Probe  
  22  3:05  Pylon  
  23  3:17  Probe  
  23  3:26  Photon Cannon  
  24  3:28  Photon Cannon  
  24  3:29  Probe  
  24  3:30  Photon Cannon  
  25  3:41  Probe  
  26  3:53  Probe  
  27  4:01  Photon Cannon  
  27  4:05  Assimilator, Probe  
  27  4:08  Probe  
  28  4:16  Probe  
  29  4:17  Probe  
  31  4:25  Probe  
  31  4:27  Twilight Council  
  31  4:29  Robotics Facility, Probe  
  33  4:37  Probe  
  33  4:38  Pylon  
  34  4:50  Probe  
  35  4:53  Probe  
  36  5:01  Probe  
  36  5:02  Probe  
  38  5:09  Gateway, Protoss Ground Weapons Level 1  
  38  5:11  Probe  
  38  5:14  Dark Shrine, Probe  
  40  5:15  Warp Prism  
  42  5:23  Probe  
  42  5:24  Gateway  
  42  5:26  Probe  
  44  5:35  Probe  
  45  5:40  Assimilator  
  45  5:57  Nexus  
  41  6:35  Gateway  
  41  6:54  Pylon  
  41  6:56  Pylon  
  41  6:59  Pylon  
  41  7:00  Photon Cannon x2  
  41  7:01  Pylon  
  41  7:02  Pylon  
  41  7:04  Photon Cannon x2  
  39  7:20  Dark Templar  
  39  7:21  Dark Templar x2  
  19  7:38  Dark Templar  
Show
View Real Time Build Order
Export as new Build Order

javichosky Protoss 

Build Orders: Cannon Rush 

Get SALT Encoding   

  12  0:13  Pylon  
  12  0:40  Forge  
  12  0:42  Gateway  
  12  0:48  Assimilator  
  12  0:49  Probe  
  13  1:02  Probe  
  14  1:18  Pylon  
  14  1:44  Photon Cannon x2  
  14  1:48  Photon Cannon  
  14  1:57  Probe  
  15  2:05  Probe  
  15  2:14  Probe  
  17  2:23  Probe  
  18  2:31  Probe  
  18  2:35  Cybernetics Core  
  19  2:41  Probe  
  20  2:53  Probe  
  21  3:00  Assimilator  
  21  3:05  Probe  
  22  3:17  Probe  
  23  3:26  Pylon  
  23  3:30  Pylon  
  23  3:34  Pylon  
  23  3:39  Pylon  
  23  3:51  Pylon  
  23  4:09  Pylon  
  23  4:28  Nexus  
  23  4:36  Photon Cannon  
  23  4:39  Photon Cannon  
  23  5:05  Robotics Facility  
  23  5:08  Stargate  
  23  5:11  Stargate  
  23  5:28  Stalker  
  25  5:45  Probe  
  26  5:56  Assimilator  
  26  5:57  Probe  
  26  5:58  Stalker  
  26  5:59  Assimilator  
  29  6:09  Probe  
  30  6:21  Probe  
  35  6:27  Stalker  
  37  6:33  Probe  
  17  7:25  Forge  
  17  7:27  Gateway  
  17  7:36  Probe  
  18  7:44  Probe  
  19  7:52  Probe  
  20  8:04  Pylon  
  20  8:13  Probe  
  21  8:23  Cybernetics Core  
  21  9:02  Robotics Facility  
  21  9:04  Robotics Facility  
  21  9:13  Stargate  
  21  9:14  Stargate  
  21  9:48  Stargate  
  21  9:52  Pylon  
  21  9:57  Immortal x2  
  29  10:11  Fleet Beacon  
  37  10:38  Pylon  
Show
View Real Time Build Order
Export as new Build Order

Mish Terran 

Build Orders:  

Get SALT Encoding   

  12  0:20  Refinery  
  12  0:28  Supply Depot  
  12  0:51  Supply Depot  
  12  1:13  Supply Depot  
  12  1:36  Supply Depot  
  12  1:58  Barracks  
  12  1:59  Supply Depot  
  12  2:22  Supply Depot  
  12  2:44  Supply Depot  
  12  2:53  Marine, Factory  
  13  3:11  Marine  
  14  3:17  SCV  
  15  3:23  Refinery  
  15  3:28  Marine  
  15  3:29  SCV  
  17  3:41  SCV  
  17  3:46  Marine  
  17  3:47  Factory Tech Lab  
  19  3:54  SCV  
  20  4:04  Marine  
  20  4:06  SCV  
  22  4:18  Infernal Pre-Igniter, SCV  
  23  4:27  Armory  
  23  4:30  SCV  
  24  4:42  SCV  
  25  5:07  Armory  
  25  5:14  Armory  
  25  5:22  Starport  
  25  6:11  Siege Tank  
  6  8:07  Command Center  
Show
View Real Time Build Order
Export as new Build Order

MrFercho Zerg - Winner!

Build Orders: Hatch First 

Get SALT Encoding   

  12  0:01  Drone  
  13  0:13  Overlord  
  13  0:17  Drone  
  14  0:31  Drone x2  
  16  0:51  Hatchery  
  16  0:53  Drone  
  16  0:57  Drone  
  16  1:01  Drone  
  18  1:08  Extractor  
  17  1:19  Spawning Pool  
  17  1:20  Drone  
  17  1:26  Drone  
  18  1:38  Drone  
  19  1:41  Drone  
  20  1:56  Drone  
  21  2:02  Overlord  
  21  2:06  Queen, Drone  
  21  2:07  Queen  
  26  2:17  Drone x2  
  28  2:25  Metabolic Boost  
  28  2:27  Drone x2  
  30  2:41  Baneling Nest, Drone x2  
  31  2:47  Drone  
  31  2:48  Drone  
  33  2:56  Zergling x2  
  34  3:02  Drone  
  35  3:08  Drone  
  36  3:13  Overlord  
  36  3:32  Drone  
  36  3:33  Drone x3  
  40  3:42  Zergling x6  
  40  3:45  Overlord  
  43  3:49  Drone  
  44  4:06  Hatchery  
  43  4:20  Zergling x12  
  49  4:25  Queen  
  51  4:32  Overlord x2  
  51  4:36  Zergling x2  
  52  4:50  Zergling x8  
  52  4:51  Zergling x6  
  59  5:08  Zergling x10  
  59  5:13  Baneling x12  
  64  5:14  Baneling  
  64  5:15  Baneling  
  64  5:19  Overlord x2  
  64  5:21  Overlord  
  64  5:31  Zergling x12  
  70  5:39  Zergling x2  
  70  5:40  Zergling x6  
  74  6:03  Zergling x24  
  80  6:29  Zergling x22  
  86  6:43  Zergling x12  
  88  6:49  Zergling x2  
  88  6:50  Zergling x6  
  88  7:08  Zergling x4  
  88  7:09  Zergling x2, Drone  
  88  7:10  Zergling x8  
  96  7:19  Zergling x6  
  98  7:25  Overlord  
  98  7:26  Overlord x4  
  89  7:34  Hatchery  
  89  7:36  Spore Crawler  
  81  7:38  Spore Crawler  
  81  7:42  Hatchery  
  67  8:29  Lair  
  67  8:31  Zergling x8  
  67  8:32  Zergling x18  
  80  8:50  Zergling x2  
  80  8:51  Zergling x4  
  83  9:24  Drone  
  83  9:25  Drone x3  
  83  9:29  Drone x2  
  89  9:53  Hydralisk Den  
  89  9:58  Extractor  
  87  10:00  Extractor  
  86  10:11  Spire  
  85  10:39  Zergling x24  
Show
View Real Time Build Order
Export as new Build Order

tigro Terran - Winner!

Build Orders:  

Get SALT Encoding   

  12  0:12  Supply Depot  
  12  0:13  SCV  
  13  0:25  SCV  
  14  0:31  Refinery  
  14  0:37  SCV  
  15  0:47  Barracks  
  15  0:49  SCV  
  16  1:01  SCV  
  17  1:13  SCV  
  18  1:22  Refinery  
  18  1:25  SCV  
  19  1:34  Marine  
  19  1:37  SCV  
  21  1:50  SCV  
  21  1:52  Marine  
  21  1:53  Engineering Bay  
  23  2:06  Orbital Command  
  23  2:12  Supply Depot  
  23  2:34  Marine  
  23  2:36  Factory  
  24  2:52  Marine  
  24  2:54  SCV  
  24  2:58  Terran Infantry Weapons Level 1  
  26  3:06  SCV  
  26  3:09  Marine  
  28  3:25  Factory Tech Lab  
  28  3:35  Barracks Tech Lab  
  28  3:40  Starport  
  28  3:44  Siege Tank  
  31  4:07  Combat Shield  
  31  4:19  Medivac  
  33  4:28  Barracks  
  33  4:52  Terran Infantry Armor Level 1  
  33  4:56  Starport Tech Lab  
  33  5:02  Command Center  
  33  5:03  Marine  
  34  5:07  Siege Tank  
  37  5:21  Marine  
  38  5:31  Marine  
  39  5:38  Marine  
  40  5:49  Marine  
  41  5:56  Marine  
  40  6:07  Marine  
  36  6:14  Marine  
  36  6:16  Medivac  
  39  6:24  Marine  
  40  6:32  Marine  
  41  6:42  Marine  
  41  6:46  Hi-Sec Auto Tracking  
  42  6:50  Marine  
  43  7:00  Marine  
  44  7:07  Marine  
  45  7:18  Marine  
  46  7:25  Marine  
  47  7:36  Marine  
  48  7:43  Marine  
  49  7:54  Marine  
  50  8:01  Marine  
  51  8:11  Marine  
  49  8:19  Marine  
  32  8:27  Raven  
  29  8:44  SCV  
  30  8:56  Barracks Reactor, SCV  
  31  9:06  Refinery  
  31  9:09  SCV  
  32  9:21  SCV  
  33  9:28  Refinery  
  33  9:33  SCV  
  34  9:45  SCV  
  35  9:57  SCV  
  36  10:09  SCV  
Show
View Real Time Build Order
Export as new Build Order

TATORREA Protoss - Winner!

Build Orders:  

Get SALT Encoding   

  12  0:04  Probe  
  13  0:16  Probe  
  14  0:27  Pylon  
  14  0:28  Probe  
  15  0:45  Probe  
  15  0:48  Gateway  
  16  0:57  Probe  
  16  1:01  Assimilator  
  17  1:04  Pylon  
  17  1:09  Probe  
  18  1:21  Probe  
  18  1:33  Probe  
  19  1:53  Zealot  
  21  2:10  Gateway  
  21  2:11  Gateway  
  21  2:15  Pylon  
  21  2:17  Assimilator, Probe  
  22  2:29  Probe  
  23  2:41  Probe, Cybernetics Core  
  24  2:45  Pylon  
  24  2:47  Zealot  
  26  3:00  Zealot  
  26  3:01  Zealot  
  30  3:21  Zealot  
  30  3:24  Warp Gate  
  32  3:43  Zealot x2  
  36  3:49  Zealot  
  38  4:02  Twilight Council  
  38  4:05  Pylon  
  38  4:11  Pylon  
  38  4:12  Charge  
  38  4:13  Zealot x2  
  42  4:17  Pylon  
  42  4:20  Zealot  
  44  4:47  Probe  
  45  5:09  Nexus  
  45  5:10  Pylon  
  45  5:13  Pylon  
  45  5:16  Probe  
  46  5:23  Zealot  
  46  5:25  Zealot  
  50  5:31  Zealot  
  52  5:38  Probe  
  53  5:48  Zealot  
  55  5:50  Probe, Zealot  
  58  6:02  Probe  
  59  6:14  Probe  
  58  6:57  Zealot x3  
  58  6:59  Probe x2  
  66  7:05  Assimilator  
  66  7:09  Assimilator  
  66  7:11  Probe x2  
  66  7:12  Robotics Facility  
  66  7:15  Gateway  
  68  7:16  Gateway  
  68  7:18  Gateway  
  68  7:20  Pylon  
  68  7:33  Pylon  
  68  8:05  Observer  
  69  8:15  Zealot x2  
  69  8:16  Zealot x4  
  79  8:53  Probe, Stargate  
  79  8:54  Probe  
  81  8:56  Stargate x2  
  81  8:57  Stalker x2  
  81  8:58  Stalker x4  
  93  9:06  Probe x2  
  95  9:16  Nexus  
  95  9:18  Pylon, Probe x2  
  95  9:20  Pylon  
  97  9:30  Probe x2  
  99  9:39  Phoenix  
  99  9:42  Probe x2  
  99  9:45  Phoenix  
  105  9:47  Phoenix  
  107  10:10  Probe  
  107  10:11  Probe  
  109  10:14  Phoenix x3  
  109  10:23  Probe x2  
Tags
 
Add a new tag
Caveats
  • Supply blocks, unpowered buildings, or Contaminate may cause inaccurate times.
  • Supply counts are checked every 10 seconds.